 Dungeon Crawl Stone Soup version 0.30-a0-715-gdb4ae3ece1 (webtiles) character file.

Game seed: 15898814517148359495

2286 wormed the Skirmisher (level 9, -1/66 HPs)
             Began as a Gnoll Wanderer on Jan 25, 2023.
             Was a Believer of Cheibriados.
             Slain by Prince Ribbit (7 damage)
             ... on level 7 of the Dungeon.
             The game lasted 00:08:36 (4614 turns).

wormed the Skirmisher (Gnoll Wanderer)              Turns: 4614, Time: 00:08:37

Health: -1/66      AC:  6    Str: 23    XL:     9   Next: 39%
Magic:  15/15      EV: 13    Int: 17    God:    Cheibriados [**....]
Gold:   320        SH: 10    Dex: 17    Spells: 16/16 levels left

rFire   . . .      SeeInvis .    a - +3 sling
rCold   . . .      Faith    .    o - +0 kite shield
rNeg    . . .      Spirit   .    v - +2 robe of the Orb Guardian {Regen+}
rPois   .          Reflect  .    c - +1 helmet
rElec   +          Harm     .    (no cloak)
rCorr   .          Rampage  .    (no gloves)
Will    +....                    (no boots)
Stlth   ++++                     g - amulet of magic regeneration
HPRegen 1.11/turn                h - ring of Freedom {rElec Will+ Str+3 Slay+4 Stlth+}
MPRegen 0.54/turn                (no ring)

@: very slow
A: fangs 1, strong nose, distributed training
a: Renounce Religion, Bend Time


You were on level 7 of the Dungeon.
You worshipped Cheibriados.
Cheibriados was pleased with you.
You visited 1 branch of the dungeon, and saw 7 of its levels.

You collected 320 gold pieces.

Inventory:

Hand Weapons
 a - a +3 sling (weapon)
 b - a +0 hand axe
Armour
 c - a +1 helmet (worn)
 o - a +0 kite shield (worn)
 v - the +2 robe of the Orb Guardian (worn) {Regen+}
   (You found it on level 5 of the Dungeon)

   Regen:     It increases your rate of health regeneration.
Jewellery
 g - an amulet of magic regeneration (around neck)
 h - the ring of Freedom (left hand) {rElec Will+ Str+3 Slay+4 Stlth+}
   (You acquired it on level 2 of the Dungeon)

   [ring of slaying]

   Str:       It affects your strength (+3).
   Slay:      It affects your accuracy & damage with ranged weapons and melee
   (+4).
   rElec:     It insulates you from electricity.
   Will:      It increases your willpower.
   Stlth:     It makes you more stealthy.
Wands
 l - a wand of iceblast (6)
Scrolls
 i - 3 scrolls of teleportation
 j - 2 scrolls of noise {unknown}
 n - 3 scrolls of identify {unknown}
 q - 3 scrolls of amnesia
 t - a scroll of butterflies {unknown}
 u - 2 scrolls of enchant weapon
Potions
 e - a potion of haste {unknown}
 f - 3 potions of curing
 k - 2 potions of lignification {unknown}
 m - 2 potions of flight {unknown}
 p - 2 potions of heal wounds {unknown}
 r - a potion of degeneration {unknown}
 s - a potion of mutation {unknown}


   Skills:
 + Level 4.3 Fighting
 + Level 4.3 Short Blades
 + Level 4.3 Long Blades
 + Level 5.1 Axes
 + Level 4.3 Maces & Flails
 + Level 4.3 Polearms
 + Level 4.3 Staves
 + Level 11.3 Ranged Weapons
 + Level 4.3 Throwing
 + Level 6.4 Armour
 + Level 5.1 Dodging
 + Level 4.3 Stealth
 + Level 4.3 Shields
 + Level 4.3 Unarmed Combat
 + Level 4.3 Spellcasting
 + Level 3.6 Conjurations
 + Level 3.6 Hexes
 + Level 3.6 Summonings
 + Level 3.6 Necromancy
 + Level 3.6 Translocations
 + Level 3.6 Transmutations
 + Level 3.6 Fire Magic
 + Level 3.6 Ice Magic
 + Level 3.6 Air Magic
 + Level 3.6 Earth Magic
 + Level 3.6 Poison Magic
 + Level 4.8 Invocations
 + Level 5.1 Evocations


You had 16 spell levels left.
You didn't know any spells.
Your spell library was empty.

Dungeon Overview and Level Annotations

Branches:
Dungeon (7/15)             Temple (0/1) D:6

Altars:
Cheibriados
Qazlal
Vehumet
Wu Jian
Zin

Shops:
D:1 (   D:4 :(*

Annotations:
D:7 Prince Ribbit


Innate Abilities, Weirdness & Mutations

You have very sharp teeth.
Your uncanny sense of smell can sniff out nearby items.
Your experience applies equally to all skills.


Message History

Prince Ribbit croaks.
You shoot a sling bullet.
The sling bullet closely misses Prince Ribbit.
An orc wizard comes into view. It is wielding a +0 dagger.
An orc comes into view. It is wielding a +0 mace.
You shoot a sling bullet. The sling bullet hits Prince Ribbit!
Prince Ribbit is moderately wounded.
You hear a shout!
You shoot a sling bullet.
The sling bullet closely misses Prince Ribbit.
The orc priest begins to cast a cantrip, but forgets the words!
You shoot a sling bullet.
The sling bullet barely misses Prince Ribbit.
You hear a shout!
Prince Ribbit closely misses you. You block Prince Ribbit's attack.
You shoot a sling bullet.
The sling bullet closely misses Prince Ribbit.
Prince Ribbit hits you but does no damage.
You shoot a sling bullet. The sling bullet hits Prince Ribbit.
Prince Ribbit is moderately wounded.
Prince Ribbit hits you!
An orc comes into view. It is wielding a +0 war axe.
An orc comes into view. It is wielding a +0 trident.
You shoot a sling bullet. The sling bullet hits Prince Ribbit.
Prince Ribbit is heavily wounded.
Prince Ribbit hits you. Prince Ribbit hits you!
You shoot a sling bullet. The sling bullet hits Prince Ribbit!
Prince Ribbit is severely wounded.
Prince Ribbit hits you.
The orc priest calls down the wrath of Beogh upon you.
Beogh smites you! Prince Ribbit hits you!
* * * LOW HITPOINT WARNING * * *
Prince Ribbit blinks!
Prince Ribbit hits you!
* * * LOW HITPOINT WARNING * * *
You shoot a sling bullet. The sling bullet hits the orc priest!
You kill the orc priest!
Cheibriados appreciates the change of pace.
Prince Ribbit hits you!
You die...

##########
#####........#
#####.....######.#
#...<.....######F#
#.###..........#@# #.#
#.....###...)# #.#
#.....##.....#
#.#######.###....o.ooo..
...# #........####o..
#..# ######.###
#..####### #.#
.........# #'# ∆
.....###.# ...


You could see Prince Ribbit and an orc wizard.

Vanquished Creatures
  5 yaks
  Menkaure (D:5)
  3 black bears
  2 ogres
  A centaur (D:5)
  A bullfrog (D:6)
  2 necrophages (D:5)
  A scorpion (D:4)
  5 orc priests
  A gnoll bouda (D:4)
  3 hounds
  2 iguanas
  4 orc wizards (D:5)
  Robin (D:3)
  8 gnolls
  5 adders
  A white imp (D:4)
  3 worms
  A dart slug (D:1)
  21 orcs
  13 ball pythons
  5 bats
  5 endoplasms
  A giant cockroach (D:1)
  23 goblins
  9 hobgoblins
  4 quokkas
  3 frilled lizards
  9 kobolds
  8 rats
151 creatures vanquished.

Notes
Turn   | Place    | Note
-------+----------+-------------------------------------------
     0 | D:1      | Reached skill level 10 in Ranged Weapons
     0 | D:1      | wormed the Gnoll Wanderer began the quest for the Orb.
     0 | D:1      | wormed set off with the following items: a +2 sling, a +0
                  | hand axe, a +0 helmet, a scroll of blinking, a +0 leather
                  | armour.
     0 | D:1      | Reached XP level 1. HP: 13/13 MP: 1/1
   181 | D:1      | Reached XP level 2. HP: 19/19 MP: 2/2
   223 | D:1      | Found Neax's Weapon Boutique.
   664 | D:2      | Reached XP level 3. HP: 19/25 MP: 3/3
   781 | D:2      | Reached skill level 1 in Invocations
   796 | D:2      | Reached skill level 1 in Fighting
   796 | D:2      | Reached skill level 1 in Short Blades
   796 | D:2      | Reached skill level 1 in Long Blades
   796 | D:2      | Reached skill level 1 in Maces & Flails
   796 | D:2      | Reached skill level 1 in Polearms
   796 | D:2      | Reached skill level 1 in Staves
   796 | D:2      | Reached skill level 1 in Throwing
   796 | D:2      | Reached skill level 1 in Stealth
   796 | D:2      | Reached skill level 1 in Shields
   796 | D:2      | Reached skill level 1 in Unarmed Combat
   796 | D:2      | Reached skill level 1 in Spellcasting
   925 | D:2      | Reached XP level 4. HP: 24/32 MP: 5/5
  1615 | D:2      | Identified a scroll of acquirement
  1615 | D:2      | Acquired the ring of Freedom {rElec Will+ Str+3 Slay+4
                  | Stlth+}
  1670 | D:3      | Reached skill level 1 in Conjurations
  1670 | D:3      | Reached skill level 1 in Hexes
  1670 | D:3      | Reached skill level 1 in Summonings
  1670 | D:3      | Reached skill level 1 in Necromancy
  1670 | D:3      | Reached skill level 1 in Translocations
  1670 | D:3      | Reached skill level 1 in Transmutations
  1670 | D:3      | Reached skill level 1 in Fire Magic
  1670 | D:3      | Reached skill level 1 in Ice Magic
  1670 | D:3      | Reached skill level 1 in Air Magic
  1670 | D:3      | Reached skill level 1 in Earth Magic
  1670 | D:3      | Reached skill level 1 in Poison Magic
  1714 | D:3      | Noticed Robin
  1730 | D:3      | Killed Robin
  1835 | D:3      | Reached XP level 5. HP: 37/37 MP: 5/7
  2288 | D:4      | Reached XP level 6. HP: 44/44 MP: 8/8
  2317 | D:4      | Reached skill level 5 in Armour
  2387 | D:4      | Found an ornate altar of the Wu Jian Council.
  2387 | D:4      | Found a glowing silver altar of Zin.
  2407 | D:4      | Found a snail-covered altar of Cheibriados.
  2410 | D:4      | Found a radiant altar of Vehumet.
  2412 | D:4      | Found a stormy altar of Qazlal.
  2415 | D:4      | Became a worshipper of Cheibriados the Contemplative
  2649 | D:4      | Found Qeerih's Weapon Boutique.
  2824 | D:4      | Found Anaujun's Book Boutique.
  2837 | D:4      | Noticed a yak
  3010 | D:4      | Reached XP level 7. HP: 50/50 MP: 10/10
  3014 | D:4      | Identified the +1 mace of Peace {drain, Fragile Str-3 Int+2
                  | Dex+8}
  3074 | D:4      | Found Lymuq's Assorted Antiques.
  3155 | D:4      | Reached * piety under Cheibriados
  3298 | D:4      | Noticed a yak
  3302 | D:4      | Noticed a yak
  3306 | D:4      | Noticed a yak
  3312 | D:5      | Entered Level 5 of the Dungeon
  3497 | D:5      | Identified the +2 robe of the Orb Guardian {Regen+}
  3678 | D:4      | Killed a yak
  3689 | D:4      | Killed a yak
  3690 | D:4      | Reached XP level 8. HP: 45/58 MP: 12/12
  3692 | D:4      | Killed a yak
  3702 | D:4      | Killed a yak
  3703 | D:4      | Reached skill level 11 in Ranged Weapons
  3948 | D:5      | Reached ** piety under Cheibriados
  4158 | D:5      | Reached XP level 9. HP: 65/65 MP: 14/14
  4168 | D:5      | Noticed Menkaure
  4174 | D:5      | Killed Menkaure
  4320 | D:6      | Found a staircase to the Ecumenical Temple.
  4328 | D:6      | Reached skill level 5 in Axes
  4328 | D:6      | Reached skill level 5 in Dodging
  4328 | D:6      | Reached skill level 5 in Evocations
  4369 | D:6      | Noticed a white ugly thing
  4602 | D:7      | Noticed Prince Ribbit
  4614 | D:7      | Slain by Prince Ribbit

Illustrated notes

Levels and vault maps discovered:
D:1:      lightli_arrival_farm, layout_loops_ring, serial_shops,
          nicolae_shop_advertising_works [nicolae_subvault_shop_adworks]
D:2:      kennysheep_the_goblin_king, layout_basic, minivault_24,
          minmay_bisected
D:3:      layout_loops_cross, cheibrodos_gnoll_hut, uniq_robin
D:4:      layout_loops_ring, chequers_temple_overflow_minitemple, serial_shops,
          nicolae_shop_behind_doors, shop, kennysheep_mini,
          nicolae_elevator_lobby_asterisk
D:5:      layout_basic, uniq_menkaure
D:6:      layout_gridville, gammafunk_temple_overflow_statue,
          minmay_temple_entry_proselytizer, gammafunk_ghost_abyssal_escape,
          amcnicky_mini_corridor_feature, uniq_maggie
D:7:      minmay_the_grid_square_5x5_3x3
          [minmay_the_grid_square_5x5_pentomino_r,
          minmay_the_grid_square_5x5_six_small,
          minmay_the_grid_square_5x5_three_small,
          minmay_the_grid_square_5x5_inverted_slash,
          minmay_the_grid_square_5x5_megaprize_checkered,
          minmay_the_grid_square_5x5_checkered_sparse,
          minmay_the_grid_square_5x5_longway, minmay_the_grid_square_5x5_forky,
          minmay_the_grid_square_5x5_comb], layout_loops_corners,
          lightli_orcish_oven, uniq_prince_ribbit1

Skill      XL: |  1  2  3  4  5  6  7  8  9 |
---------------+----------------------------+-----
Ranged Weapons | 11 | 11.3
Invocations    | 1 2 3 4 |  4.8
Fighting       | 1 2 3 4 |  4.3
Short Blades   | 1 2 3 4 |  4.3
Long Blades    | 1 2 3 4 |  4.3
Maces & Flails | 1 2 3 4 |  4.3
Polearms       | 1 2 3 4 |  4.3
Staves         | 1 2 3 4 |  4.3
Throwing       | 1 2 3 4 |  4.3
Stealth        | 1 2 3 4 |  4.3
Shields        | 1 2 3 4 |  4.3
Unarmed Combat | 1 2 3 4 |  4.3
Spellcasting   | 1 2 3 4 |  4.3
Conjurations   | 1 2 3 |  3.6
Hexes          | 1 2 3 |  3.6
Summonings     | 1 2 3 |  3.6
Necromancy     | 1 2 3 |  3.6
Translocations | 1 2 3 |  3.6
Transmutations | 1 2 3 |  3.6
Fire Magic     | 1 2 3 |  3.6
Ice Magic      | 1 2 3 |  3.6
Air Magic      | 1 2 3 |  3.6
Earth Magic    | 1 2 3 |  3.6
Poison Magic   | 1 2 3 |  3.6
Axes           | 3 4 5 |  5.1
Dodging        | 3 4 5 |  5.1
Evocations     | 3 4 5 |  5.1
Armour         | 5 6 |  6.4

Action                     |  1- 3 |  4- 6 |  7- 9 || total
---------------------------+-------+-------+-------++-------
   Fire: Sling             |   101 |   159 |   232 ||   492
    Use: Scroll            |       |     9 |     2 ||    11
         Potion            |       |       |     1 ||     1
 Armour: Leather armour    |     8 |     9 |     5 ||    22
         Robe              |       |       |    36 ||    36
  Dodge: Dodged            |    14 |    22 |    49 ||    85
  Block: Kite shield       |       |     1 |    58 ||    59

Table legend: (Time is in decaauts)
 A = Elapsed time spent in this place.
 B = Non-inter-level travel time spent in this place.
 C = Inter-level travel time spent in this place.
 D = Time resting spent in this place.
 E = Time spent auto-exploring this place.
 F = Levels seen in this place.
 G = Mean time per level.
                   A        B        C        D        E       F      G
               +--------+--------+--------+--------+--------+-----+--------+
         Total |   5186 |   5042 |    144 |      0 |   4207 |   7 |  740.9 |
       Dungeon |   5186 |   5042 |    144 |      0 |   4207 |   7 |  740.9 |
               +--------+--------+--------+--------+--------+-----+--------+

Top non-repeatable levels by time:
     D:4: 1544 daAuts
     D:2: 1021 daAuts
     D:5: 934 daAuts
     D:3: 632 daAuts
     D:1: 629 daAuts
     D:7: 274 daAuts
     D:6: 150 daAuts
